 Dungeon Crawl Stone Soup version 0.26.0-18-gc5c842f807 (webtiles) character file.

Game seed: 3077068932080842835

53 zcampers the Stinger (level 3, -3/26 HPs)
             Began as a Draconian Venom Mage on Jan 23, 2021.
             Slain by a goblin
             ... wielding a +0 dagger
             ... led by Robin
              (9 damage)
             ... on level 2 of the Dungeon.
             The game lasted 00:04:13 (1523 turns).

zcampers the Stinger (Draconian Venom Mage)         Turns: 1523, Time: 00:04:14

Health: -3/26      AC:  5    Str: 10    XL:     3   Next: 64%
Magic:  1/6        EV: 12    Int: 16    God:
Gold:   28         SH:  0    Dex: 11    Spells: 3/6 levels left

rFire    . . .     SeeInvis .   h - +3 dagger
rCold    . . .     Faith    .   (no shield)
rNeg     . . .     Spirit   .   (armour unavailable)
rPois    .         Reflect  .   (helmet restricted)
rElec    .         Harm     .   (no cloak)
rCorr    .         Rampage  .   (no gloves)
Will     .....                  (no boots)
Stlth    ++........             (no amulet)
HPRegen  0.08/turn              (no ring)
MPRegen  0.10/turn              (no ring)

@: very slightly contaminated
A: unfitting armour, cold-blooded, AC +5
a: no special abilities


You were on level 2 of the Dungeon.
You visited 1 branch of the dungeon, and saw 2 of its levels.

You collected 28 gold pieces.

Inventory:

Hand Weapons
 h - a +3 dagger (weapon)
Scrolls
 d - a scroll of noise {unknown}
 e - a scroll of magic mapping {unknown}
 f - 2 scrolls of remove curse {unknown}
Potions
 a - 2 potions of lignification {unknown}
 b - a potion of curing {unknown}
 g - a potion of invisibility {unknown}


   Skills:
 + Level 0.0 Short Blades
 + Level 2.2 Dodging
 * Level 2.5 Stealth
 + Level 2.3 Spellcasting
 + Level 1.7 Transmutations
 + Level 3.3 Poison Magic


You had 3 spell levels left.
You knew the following spells:

 Your Spells              Type           Power        Failure   Level
a - Sting                 Tmut/Pois      40%          7%          1
b - Poisonous Vapours     Pois/Air       14%          16%         2

Your spell library contained the following spells:

 Spells                   Type           Power        Failure   Level
 Ignite Poison            Fire/Tmut/Pois 7%           30%         3
 Mephitic Cloud           Conj/Pois/Air  5%           36%         3
 Olgreb's Toxic Radiance  Pois           12%          45%         4


Dungeon Overview and Level Annotations

Branches:
Dungeon (2/15)

Altars:

Annotations:
D:2 Robin


Innate Abilities, Weirdness & Mutations

Your plain brown scales are hard. (AC +5)
You cannot fit into any form of body armour.
You are cold-blooded and may be slowed by cold attacks.


Message History

The bat hits you. Robin closely misses you. The goblin hits you with a +0 club.
You barely miss Robin.
Robin is moderately wounded.
The goblin hits you with a +0 dagger. Robin hits you with a +0 club.
The goblin barely misses you.
Casting: Poisonous Vapours (safe; 16% risk of failure)
Confirm with . or Enter, or press ? or * to list all spells.
Aiming: Poisonous Vapours (safe; 16% risk of failure)
Press: ? - help, Dir - move target, f/p - Robin
Aim: Robin, wielding a +0 club, wearing a cursed +0 animal skin and wearing a cursed +0 helmet (lightly wounded) Poisonous vapours surround Robin!
The bat hits you but does no damage. x2
The goblin barely misses you.
Robin is engulfed in poison gas.
Robin is poisoned.
Robin hits you with a +0 club.
* * * LOW HITPOINT WARNING * * *
The goblin hits you but does no damage.
You closely miss Robin.
Robin is heavily wounded.
The bat misses you. The bat hits you but does no damage.
The goblin hits you with a +0 dagger!
You die...

#.#...##.###.####.
#.......)[........
####)....<..(####
#.######### +# #)# ...
## #)#### !... ..
#.##.## .....
.###.##)#..g####....^.
#..........b@gg'......
#.##.##†#..g####......
# #.##...# ..... #
#.##...# ....
....##.##...#### ...
#............# '#
#.##.........# #
#............#
#######...####


You could see Robin (poisoned), 3 goblins and a bat.

Vanquished Creatures
  An ooze (D:1)
  4 dart slugs (D:1)
  2 leopard geckos (D:1)
  A ball python (D:1)
  3 giant cockroaches (D:1)
  10 goblins
  3 hobgoblins
  2 jackals (D:1)
  5 kobolds (D:1)
  A bat (D:1)
  3 rats (D:1)
35 creatures vanquished.

Notes
Turn   | Place    | Note
-------+----------+-------------------------------------------
     0 | D:1      | zcampers the Draconian Venom Mage began the quest for the
                  | Orb.
     0 | D:1      | Reached XP level 1. HP: 14/14 MP: 3/3
   108 | D:1      | Reached XP level 2. HP: 19/20 MP: 0/5
   720 | D:1      | Reached XP level 3. HP: 26/26 MP: 2/6
   732 | D:1      | Learned a level 2 spell: Poisonous Vapours
  1289 | D:2      | Noticed Robin
  1523 | D:2      | Slain by a goblin

Illustrated notes

Levels and vault maps discovered:
D:1:      scummos_arrival_checkerplants, layout_loops_ring, eino_curves_03
D:2:      layout_loops_corners, yredelemnul_forgotten_temple_becter, uniq_robin,
          uniq_natasha

Skill      XL: |  1  2 |
---------------+-------+-----
Stealth        | 2 |  2.5
Dodging        | 2 |  2.2
Spellcasting   | |  2.3
Transmutations | |  1.7
Poison Magic   | |  3.3

Action                   || total
-------------------------++-------
Melee: Unarmed           ||     4
       Tailslap          ||     3
       Club              ||    27
       Dagger            ||     8
 Cast: Sting             ||    49
       Poisonous Vapours ||     6
Armor: Skin              ||    24
Dodge: Dodged            ||    44
